Punishers vs Carnivores
(R1)
Created - 12 novembre 2013 at 19:04
Goals
|
| Punishers |
0 |
2 |
1 |
3 |
| Carnivores |
2 |
0 |
2 |
4 |
|
Shots
|
| Punishers |
9 |
12 |
18 |
39 |
| Carnivores |
7 |
15 |
6 |
28 |
|
1st period
1. Carnivores , Jeff Tambellini 7 (David Van Der Gulik, Bobby Sanguinetti) at 10:18
2. Carnivores , Jeremy Welsh 4 (Chris Lawrence, Bobby Sanguinetti) at 12:03
Penalties :
Keith Aulie (Bre) for Interference (Minor) at 2:50
2nd period
3. Punishers , Mike Blunden 3 (Tanner Glass, Brandon McMillan) at 8:33
4. Punishers , Tanner Glass 3 (Mike Blunden) at 16:09
Penalties :
Matt Cullen (Bre) for Close Hand On Puck (Minor) at 12:03
3rd period
5. Carnivores , Anton Gustafsson 1 (Chris Lawrence, Phil Oreskovic) at 2:33
6. Punishers , Tanner Glass 4 (Marc-André Bergeron, Brandon McMillan) at 8:37
7. Carnivores , David Van Der Gulik 8 (Andy Miele, Jeff Tambellini) at 18:02
Penalties :
Andy Miele (Bre) for Roughing (Minor) at 3:51, Jordie Benn (Bre) for Hooking (Minor) at 12:11, Bobby Sanguinetti (Bre) for Roughing (Minor) at 12:47, Viktor Stalberg (Pro) for Holding (Minor) at 16:59, Evgeny Grachev (Bre) for Holding (Minor) at 17:08, Evgeny Grachev (Bre) for Boarding (Major) at 19:44
Goalie Stats
Karri Ramo (Pro), 24 saves from 28 shots - (0,857), L, 4-3-1, 59:05 minutes
Steve Mason (Bre), 36 saves from 39 shots - (0,923), W, 4-3-0, 60:00 minutes
Players Stats for Punishers
Player Name G A P +/- PIM S H SB GA TA FO MP PP MP PK MP
------------------------------------------------------------------------------------
Adam McQuaid 0 0 0 -1 0 0 0 0 0 0 0/0 6:21 0:00 0:00
Adam Pineault 0 0 0 -1 0 1 1 0 0 0 1/2 14:08 0:29 0:00
Alyn McCauley 0 0 0 0 0 1 3 2 0 0 13/27 20:00 4:43 0:00
Brandon McMillan 0 2 2 2 0 1 1 0 0 0 2/5 10:35 0:00 0:00
Chris Conner 0 0 0 -1 0 2 3 0 1 2 0/0 14:31 3:55 0:00
Jason Demers 0 0 0 0 0 1 2 0 0 3 0/0 24:23 3:08 0:09
Jean-Luc Grand-Pierre 0 0 0 -1 0 2 1 1 1 0 0/0 18:17 3:17 0:09
Jimmie Olvestad 0 0 0 -1 0 5 2 1 2 0 0/0 16:22 3:55 0:00
John Mitchell 0 0 0 -1 0 3 0 0 0 0 5/9 16:22 3:55 0:00
Justin Falk 0 0 0 0 0 0 0 1 0 0 0/0 9:47 0:09 0:00
Kris Chucko 0 0 0 -1 0 0 3 0 0 0 0/0 10:46 0:00 0:00
Marc-André Bergeron 0 1 1 0 0 1 0 1 0 0 0/0 19:29 5:39 0:00
Mark Fraser 0 0 0 1 0 1 1 0 0 0 0/0 9:40 1:01 0:00
Mike Blunden 1 1 2 2 0 2 2 0 0 0 0/0 10:35 0:00 0:00
Mike Grier 0 0 0 0 0 2 2 0 0 0 0/2 21:28 4:46 0:09
Mike Weber 0 0 0 -1 0 0 0 0 0 0 0/0 6:21 0:00 0:00
Petteri Nokelainen 0 0 0 -2 0 2 1 0 1 0 5/8 11:29 0:00 0:09
Tanner Glass 2 1 3 1 0 4 2 1 0 2 0/0 11:39 0:15 0:00
Tom Gilbert 0 0 0 0 0 3 2 0 0 0 0/0 25:42 4:38 0:00
Viktor Stalberg 0 0 0 0 2 8 9 0 0 0 1/1 20:05 4:50 0:00
Players Stats for Carnivores
Player Name G A P +/- PIM S H SB GA TA FO MP PP MP PK MP
------------------------------------------------------------------------------------
Andy Miele 0 1 1 0 2 4 1 0 0 0 2/3 18:32 0:09 2:26
Anton Gustafsson 1 0 1 2 0 1 0 0 0 0 2/3 8:44 0:00 0:00
Billy Sweat 0 0 0 -1 0 0 1 0 0 0 0/1 11:11 0:00 0:00
Blake Geoffrion 0 0 0 -1 0 1 1 1 0 0 0/0 15:57 0:00 1:04
Bobby Sanguinetti 0 2 2 0 2 0 1 0 0 1 0/0 19:21 0:00 3:01
Brian Strait 0 0 0 0 0 0 0 0 0 0 0/0 3:53 0:00 0:42
Chris Butler 0 0 0 0 0 0 0 2 1 0 0/0 20:18 0:00 4:00
Chris Lawrence 0 2 2 2 0 1 0 1 1 0 0/0 8:44 0:00 0:00
David Schlemko 0 0 0 0 0 0 0 0 0 0 0/0 11:19 0:00 0:00
David Van Der Gulik 1 1 2 1 0 2 1 0 0 1 0/1 15:32 0:00 1:46
Evgeny Grachev 0 0 0 -1 7 1 2 0 0 1 3/6 16:53 0:08 4:18
Ian Schultz 0 0 0 0 0 0 0 0 0 0 0/0 0:00 0:00 0:00
Jeff Tambellini 1 1 2 0 0 2 3 3 0 0 3/9 20:25 0:09 4:58
Jeremy Welsh 1 0 1 2 0 3 0 0 0 1 0/1 8:44 0:00 0:00
Jordie Benn 0 0 0 0 2 3 0 1 0 0 0/0 13:31 0:00 1:08
Keith Aulie 0 0 0 1 2 2 3 2 2 0 0/0 26:55 0:09 4:04
Matt Cullen 0 0 0 -1 2 4 1 1 1 0 13/22 17:05 0:00 1:16
Mikael Backlund 0 0 0 0 0 1 1 0 0 0 4/8 13:32 0:00 0:41
Phil Oreskovic 0 1 1 1 0 0 0 0 1 1 0/0 25:12 0:09 4:56
Tim Conboy 0 0 0 -1 0 3 1 0 1 0 0/0 11:56 0:00 0:00
3 Stars
1 - Tanner Glass (Pro)
2 - Mike Blunden (Pro)
3 - Jeff Tambellini (Bre)
Power Play
Punishers - 0 on 7 Attempt(s) - 0,00%
Carnivores - 0 on 1 Attempt(s) - 0,00%
Penalty Kill
Punishers - 1 on 1 Attempt(s) - 100,00%
- Score 0 goal in Penalty Kill
Carnivores - 7 on 7 Attempt(s) - 100,00%
- Score 0 goal in Penalty Kill
Official
Referees : Auger Stephane and Banfield David
Linesman : Dan Schachte and Jonny Murray
Game Notes
No Game Note
Finance
Level 1 -- Attendance: 1383 (69,15%) -- Ticket Income 49 788 $
Level 2 -- Attendance: 774 (77,40%) -- Ticket Income 13 158 $
Total Attendance: 2157 (71,90%)
Total Ticket Income: 62 946 $
Other Income: 3 147 $
Total Income: 66 093 $
Punishers
5 vs 5 Forward
Center Left Wing Right Wing Time % Phy DF OF
1 Alyn McCauley Viktor Stalberg Mike Grier 40 1 1 3
2 John Mitchell Jimmie Olvestad Adam Pineault 30 1 1 3
3 Petteri Nokelainen Kris Chucko Chris Conner 20 1 2 2
4 Brandon McMillan Tanner Glass Mike Blunden 10 1 2 2
5 vs 5 Defense
Defense Defense Time % Phy DF OF
1 Jason Demers Tom Gilbert 40 1 2 2
2 Marc-André Bergeron Jean-Luc Grand-Pierre 30 1 2 2
3 Mark Fraser Justin Falk 20 1 2 2
4 Adam McQuaid Mike Weber 10 1 2 2
PowerPlay Forward
Center Left Wing Right Wing Time % Phy DF OF
1 Alyn McCauley Viktor Stalberg Mike Grier 60 0 1 4
2 John Mitchell Jimmie Olvestad Chris Conner 40 0 1 4
PowerPlay Defense
Defense Defense Time % Phy DF OF
1 Tom Gilbert Marc-André Bergeron 60 0 2 3
2 Jason Demers Jean-Luc Grand-Pierre 40 0 2 3
Penalty Kill 4 Players Forward
Center Wing Time % Phy DF OF
1 Petteri Nokelainen Mike Grier 60 1 2 2
2 Alyn McCauley Tanner Glass 40 1 2 2
Penalty Kill 4 Players Defense
Defense Defense Time % Phy DF OF
1 Jason Demers Jean-Luc Grand-Pierre 60 1 3 1
2 Mark Fraser Tom Gilbert 40 1 3 1
Penalty Kill - 3 Players Forward
Forward Time % Phy DF OF
1 Petteri Nokelainen 60 1 3 1
2 Tanner Glass 40 1 3 1
Penalty Kill - 3 Players Defense
Defense Defense Time % Phy DF OF
1 Jason Demers Jean-Luc Grand-Pierre 60 1 3 1
2 Mark Fraser Tom Gilbert 40 1 3 1
4 vs 4 Forward
Center Wing Time % Phy DF OF
1 Viktor Stalberg Mike Grier 60 1 2 2
2 Alyn McCauley Jimmie Olvestad 40 1 2 2
4 vs 4 Defense
Defense Defense Time % Phy DF OF
1 Tom Gilbert Jason Demers 60 1 2 2
2 Justin Falk Jean-Luc Grand-Pierre 40 1 2 2
Last Minutes Offensive
Center Left Wing Right Wing Defense Defense
Alyn McCauley Viktor Stalberg Mike Grier Tom Gilbert Marc-André Bergeron
Last Minutes Defensive
Center Left Wing Right Wing Defense Defense
Petteri Nokelainen Tanner Glass Mike Grier Jean-Luc Grand-Pierre Jason Demers
Goaltenders
Starting : Karri Ramo
Backup : Kevin Poulin
Extra Forwards
Normal : Adam Pineault, Tanner Glass, Petteri Nokelainen - PP : Adam Pineault, Tanner Glass - PK : Petteri Nokelainen
Extra Defensemen
Normal : Mark Fraser, Mike Weber, Adam McQuaid - PP : Mark Fraser - PK : Mike Weber, Adam McQuaid
Penalty Shots
Jimmie Olvestad, Viktor Stalberg, Mike Grier, Chris Conner, John Mitchell
Carnivores
5 vs 5 Forward
Center Left Wing Right Wing Time % Phy DF OF
1 Matt Cullen Blake Geoffrion Andy Miele 40 1 2 2
2 Mikael Backlund Jeff Tambellini David Van Der Gulik 30 1 2 2
3 Evgeny Grachev Billy Sweat Tim Conboy 20 1 2 2
4 Anton Gustafsson Jeremy Welsh Chris Lawrence 10 1 2 2
5 vs 5 Defense
Defense Defense Time % Phy DF OF
1 Keith Aulie Phil Oreskovic 40 1 2 2
2 Bobby Sanguinetti Chris Butler 30 1 2 2
3 David Schlemko Jordie Benn 20 1 2 2
4 Brian Strait Keith Aulie 10 1 2 2
PowerPlay Forward
Center Left Wing Right Wing Time % Phy DF OF
1 Evgeny Grachev Jeff Tambellini Andy Miele 60 1 2 2
2 Mikael Backlund Blake Geoffrion David Van Der Gulik 40 1 2 2
PowerPlay Defense
Defense Defense Time % Phy DF OF
1 Keith Aulie Phil Oreskovic 60 1 2 2
2 Bobby Sanguinetti Chris Butler 40 1 2 2
Penalty Kill 4 Players Forward
Center Wing Time % Phy DF OF
1 Jeff Tambellini Evgeny Grachev 60 1 2 2
2 Andy Miele David Van Der Gulik 40 1 2 2
Penalty Kill 4 Players Defense
Defense Defense Time % Phy DF OF
1 Keith Aulie Phil Oreskovic 60 1 2 2
2 Bobby Sanguinetti Chris Butler 40 1 2 2
Penalty Kill - 3 Players Forward
Forward Time % Phy DF OF
1 Jeff Tambellini 60 1 2 2
2 Evgeny Grachev 40 1 2 2
Penalty Kill - 3 Players Defense
Defense Defense Time % Phy DF OF
1 Keith Aulie Phil Oreskovic 60 1 2 2
2 Bobby Sanguinetti Chris Butler 40 1 2 2
4 vs 4 Forward
Center Wing Time % Phy DF OF
1 Jeff Tambellini Matt Cullen 60 1 2 2
2 Andy Miele David Van Der Gulik 40 1 2 2
4 vs 4 Defense
Defense Defense Time % Phy DF OF
1 Keith Aulie Phil Oreskovic 60 1 2 2
2 Bobby Sanguinetti Chris Butler 40 1 2 2
Last Minutes Offensive
Center Left Wing Right Wing Defense Defense
Evgeny Grachev Jeff Tambellini Andy Miele Keith Aulie Phil Oreskovic
Last Minutes Defensive
Center Left Wing Right Wing Defense Defense
Evgeny Grachev Jeff Tambellini Andy Miele Keith Aulie Phil Oreskovic
Goaltenders
Starting : Steve Mason
Backup : Corey Crawford
Extra Forwards
Normal : Tim Conboy, Andy Miele, Blake Geoffrion - PP : Tim Conboy, Andy Miele - PK : Andy Miele
Extra Defensemen
Normal : David Schlemko, Jordie Benn, Brian Strait - PP : David Schlemko - PK : Jordie Benn, Brian Strait
Penalty Shots
Jeff Tambellini, Matt Cullen, Andy Miele, David Van Der Gulik, Blake Geoffrion
% Time on Ice - Punishers
Lines # - Real PCT - Wanted PCT - Time Play
Normal Forward
1 - 31% - 40% - 14:53
2 - 26% - 30% - 12:52
3 - 21% - 20% - 10:21
4 - 22% - 10% - 10:35
Normal Defense
1 - 40% - 40% - 19:36
2 - 29% - 30% - 14:05
3 - 18% - 20% - 8:39
4 - 13% - 10% - 6:21
PP Forward
1 - 56% - 60% - 5:01
2 - 44% - 40% - 3:55
PP Defense
1 - 63% - 60% - 5:39
2 - 37% - 40% - 3:17
PK Forward
1 - 100% - 60% - 0:09
2 - 0% - 40% - 0:00
PK Defense
1 - 100% - 60% - 0:09
2 - 0% - 40% - 0:00
PK3 Forward
1 - 0% - 60%
2 - 0% - 40%
PK3 Defense
1 - 0% - 60%
2 - 0% - 40%
44 Forward
1 - 100% - 60% - 1:50
2 - 0% - 40% - 0:00
44 Defense
1 - 58% - 60% - 1:04
2 - 42% - 40% - 0:46
Last Minute Offensive - 0:24
Last Minute Defensive - 0:00
Total
Forward - 60:00
Defense - 60:00
|
% Time on Ice - Carnivores
Lines # - Real PCT - Wanted PCT - Time Play
Normal Forward
1 - 32% - 40% - 15:33
2 - 27% - 30% - 13:14
3 - 23% - 20% - 11:11
4 - 18% - 10% - 8:44
Normal Defense
1 - 39% - 40% - 18:50
2 - 32% - 30% - 15:22
3 - 23% - 20% - 11:19
4 - 7% - 10% - 3:11
PP Forward
1 - 100% - 60% - 0:09
2 - 0% - 40% - 0:00
PP Defense
1 - 100% - 60% - 0:09
2 - 0% - 40% - 0:00
PK Forward
1 - 77% - 60% - 5:47
2 - 23% - 40% - 1:46
PK Defense
1 - 56% - 60% - 4:15
2 - 44% - 40% - 3:18
PK3 Forward
1 - 93% - 60% - 1:17
2 - 7% - 40% - 0:06
PK3 Defense
1 - 49% - 60% - 0:41
2 - 51% - 40% - 0:42
44 Forward
1 - 71% - 60% - 1:18
2 - 29% - 40% - 0:32
44 Defense
1 - 49% - 60% - 0:54
2 - 51% - 40% - 0:56
Last Minute Offensive - 0:00
Last Minute Defensive - 0:23
Total
Forward - 60:00
Defense - 60:00
|
Play by Play
1st period
0:01 of 1st period - Matt Cullen wins face-off versus Alyn McCauley in neutral zone.
0:14 of 1st period - Matt Cullen is hit by Mike Grier and loses puck.
0:27 of 1st period - Wrist shot by Jimmie Olvestad.
0:27 of 1st period - Shot Misses the Net.
0:29 of 1st period - Snap shot by Jean-Luc Grand-Pierre.
0:29 of 1st period - Stopped by Steve Mason with a rebound.
0:31 of 1st period - Slapshot by Jean-Luc Grand-Pierre.
0:31 of 1st period - Stopped by Steve Mason with a rebound.
0:33 of 1st period - Slapshot by Jean-Luc Grand-Pierre.
0:33 of 1st period - Shot Blocked by Jeff Tambellini.
0:47 of 1st period - Slapshot by Keith Aulie.
0:47 of 1st period - Shot Blocked by Jean-Luc Grand-Pierre.
0:49 of 1st period - Snap shot by Keith Aulie.
0:49 of 1st period - Deflect By Marc-André Bergeron.
0:49 of 1st period - Stopped by Karri Ramo without a rebound.
0:50 of 1st period - Evgeny Grachev wins face-off versus Brandon McMillan in Punishers zone.
1:01 of 1st period - Slapshot by Bobby Sanguinetti.
1:01 of 1st period - Shot Blocked by Justin Falk.
1:15 of 1st period - Chris Butler is hit by Petteri Nokelainen and loses puck.
1:24 of 1st period - Chris Butler is hit by Chris Conner and loses puck.
2:50 of 1st period - Minor Penalty to Keith Aulie for Interference.
2:51 of 1st period - Alyn McCauley wins face-off versus Jeff Tambellini in Carnivores zone.
3:04 of 1st period - Wrist shot by Viktor Stalberg.
3:04 of 1st period - Stopped by Steve Mason with a rebound.
3:06 of 1st period - Snap shot by Marc-André Bergeron.
3:06 of 1st period - Shot Blocked by Jeff Tambellini.
3:27 of 1st period - Snap shot by Evgeny Grachev.
3:27 of 1st period - Shot Blocked by Jimmie Olvestad.
3:36 of 1st period - Off-side.
3:37 of 1st period - Alyn McCauley wins face-off versus Andy Miele in neutral zone.
3:44 of 1st period - Slapshot by Mike Grier.
3:44 of 1st period - Shot Misses the Net.
4:38 of 1st period - Matt Cullen is hit by Viktor Stalberg and loses puck.
4:50 of 1st period - Penalty to Keith Aulie is over, Keith Aulie is back on ice.
4:55 of 1st period - Phil Oreskovic is hit by Tanner Glass and loses puck.
5:41 of 1st period - Icing by Jeremy Welsh.
5:42 of 1st period - Evgeny Grachev wins face-off versus John Mitchell in Carnivores zone.
5:46 of 1st period - Icing by Evgeny Grachev.
5:47 of 1st period - Alyn McCauley wins face-off versus Evgeny Grachev in Carnivores zone.
5:54 of 1st period - Wrist shot by Mike Grier.
5:54 of 1st period - Stopped by Steve Mason without a rebound.
5:55 of 1st period - Matt Cullen wins face-off versus Alyn McCauley in Carnivores zone.
5:55 of 1st period - Matt Cullen is hit by Viktor Stalberg.
6:05 of 1st period - Snap shot by Andy Miele.
6:05 of 1st period - Stopped by Karri Ramo without a rebound.
6:06 of 1st period - Mikael Backlund wins face-off versus Mike Grier in Punishers zone.
6:39 of 1st period - Slapshot by Adam Pineault.
6:39 of 1st period - Shot Misses the Net.
6:41 of 1st period - Snap shot by Jean-Luc Grand-Pierre.
6:41 of 1st period - Shot Misses the Net.
6:43 of 1st period - Snap shot by Adam Pineault.
6:43 of 1st period - Stopped by Steve Mason without a rebound.
6:44 of 1st period - Mikael Backlund wins face-off versus Alyn McCauley in Carnivores zone.
6:49 of 1st period - Wrist shot by David Van Der Gulik.
6:49 of 1st period - Stopped by Karri Ramo with a rebound.
7:07 of 1st period - Keith Aulie is hit by Jason Demers and loses puck.
7:19 of 1st period - Off-side.
7:20 of 1st period - Petteri Nokelainen wins face-off versus Mikael Backlund in neutral zone.
8:16 of 1st period - Snap shot by Evgeny Grachev.
8:16 of 1st period - Stopped by Karri Ramo with a rebound.
8:18 of 1st period - Wrist shot by Tim Conboy.
8:18 of 1st period - Shot Misses the Net.
8:20 of 1st period - Slapshot by Jordie Benn.
8:20 of 1st period - Stopped by Karri Ramo without a rebound.
8:21 of 1st period - Alyn McCauley wins face-off versus Mikael Backlund in Punishers zone.
8:21 of 1st period - Alyn McCauley is hit by Jeff Tambellini.
8:27 of 1st period - Keith Aulie is hit by Alyn McCauley and loses puck.
10:14 of 1st period - Wrist shot by Jeff Tambellini.
10:14 of 1st period - Shot Misses the Net.
10:16 of 1st period - Backhand shot by Jeff Tambellini.
10:16 of 1st period - Shot Misses the Net.
10:18 of 1st period - Wrist shot by David Van Der Gulik.
10:18 of 1st period - Deflect By Jeff Tambellini.
10:18 of 1st period - Goal by Jeff Tambellini - Punishers : 0 - Carnivores : 1.
10:19 of 1st period - Andy Miele wins face-off versus Alyn McCauley in neutral zone.
10:19 of 1st period - Andy Miele is hit by Alyn McCauley.
10:23 of 1st period - Snap shot by Andy Miele.
10:23 of 1st period - Shot Misses the Net.
11:28 of 1st period - Icing by Bobby Sanguinetti.
11:29 of 1st period - Anton Gustafsson wins face-off versus Brandon McMillan in Carnivores zone.
11:52 of 1st period - Bobby Sanguinetti is hit by Mike Blunden and loses puck.
12:03 of 1st period - Snap shot by Jeremy Welsh.
12:03 of 1st period - Goal by Jeremy Welsh - Punishers : 0 - Carnivores : 2.
12:04 of 1st period - Matt Cullen wins face-off versus Alyn McCauley in neutral zone.
13:32 of 1st period - Chris Lawrence is hit by Jason Demers and loses puck.
13:57 of 1st period - Snap shot by Jimmie Olvestad.
13:57 of 1st period - Stopped by Steve Mason with a rebound.
13:59 of 1st period - Wrist shot by Jimmie Olvestad.
13:59 of 1st period - Shot Blocked by Keith Aulie.
14:01 of 1st period - Wrist shot by John Mitchell.
14:01 of 1st period - Stopped by Steve Mason without a rebound.
14:02 of 1st period - Alyn McCauley wins face-off versus Matt Cullen in Carnivores zone.
14:27 of 1st period - Adam Pineault is hit by Jeff Tambellini and loses puck.
14:52 of 1st period - Evgeny Grachev is hit by Chris Conner and loses puck.
15:13 of 1st period - Snap shot by Jeremy Welsh.
15:13 of 1st period - Shot Blocked by Alyn McCauley.
15:31 of 1st period - Tanner Glass is hit by Keith Aulie and loses puck.
15:38 of 1st period - Snap shot by Andy Miele.
15:38 of 1st period - Shot Misses the Net.
16:35 of 1st period - Jeremy Welsh is hit by Viktor Stalberg and loses puck.
17:13 of 1st period - Backhand shot by Marc-André Bergeron.
17:13 of 1st period - Shot Blocked by Matt Cullen.
17:39 of 1st period - Snap shot by Petteri Nokelainen.
17:39 of 1st period - Shot Misses the Net.
18:35 of 1st period - Backhand shot by Tanner Glass.
18:35 of 1st period - Stopped by Steve Mason with a rebound.
19:05 of 1st period - Snap shot by Tom Gilbert.
19:05 of 1st period - Stopped by Steve Mason with a rebound.
19:25 of 1st period - Bobby Sanguinetti is hit by Viktor Stalberg and loses puck.
19:56 of 1st period - Mikael Backlund is hit by Kris Chucko and loses puck.
2nd period
0:01 of 2nd period - Andy Miele wins face-off versus Alyn McCauley in neutral zone.
0:58 of 2nd period - Snap shot by Petteri Nokelainen.
0:58 of 2nd period - Stopped by Steve Mason with a rebound.
1:00 of 2nd period - Wrist shot by Chris Conner.
1:00 of 2nd period - Shot Blocked by Chris Butler.
1:02 of 2nd period - Snap shot by Mark Fraser.
1:02 of 2nd period - Shot Blocked by Chris Butler.
1:12 of 2nd period - Tim Conboy is hit by Brandon McMillan and loses puck.
1:37 of 2nd period - Evgeny Grachev is hit by Tom Gilbert and loses puck.
2:10 of 2nd period - Slapshot by Viktor Stalberg.
2:10 of 2nd period - Stopped by Steve Mason without a rebound.
2:11 of 2nd period - Matt Cullen wins face-off versus John Mitchell in Carnivores zone.
2:38 of 2nd period - Jeff Tambellini is hit by Kris Chucko and loses puck.
2:45 of 2nd period - Snap shot by Chris Conner.
2:45 of 2nd period - Stopped by Steve Mason with a rebound.
2:47 of 2nd period - Wrist shot by Chris Conner.
2:47 of 2nd period - Shot Blocked by Jeff Tambellini.
3:20 of 2nd period - Keith Aulie is hit by Viktor Stalberg and loses puck.
3:37 of 2nd period - Keith Aulie is hit by Jimmie Olvestad and loses puck.
3:54 of 2nd period - Snap shot by Tom Gilbert.
3:54 of 2nd period - Deflect By Petteri Nokelainen.
3:54 of 2nd period - Shot Misses the Net.
3:54 of 2nd period - Puck is out of play.
3:55 of 2nd period - Petteri Nokelainen wins face-off versus Jeremy Welsh in Carnivores zone.
4:08 of 2nd period - Snap shot by Bobby Sanguinetti.
4:08 of 2nd period - Deflect By Chris Lawrence.
4:08 of 2nd period - Shot Misses the Net.
4:08 of 2nd period - Puck is out of play.
4:09 of 2nd period - Alyn McCauley wins face-off versus Matt Cullen in Punishers zone.
4:14 of 2nd period - Snap shot by Viktor Stalberg.
4:14 of 2nd period - Stopped by Steve Mason with a rebound.
4:34 of 2nd period - David Van Der Gulik is hit by Mark Fraser and loses puck.
5:21 of 2nd period - Snap shot by Matt Cullen.
5:21 of 2nd period - Stopped by Karri Ramo with a rebound.
5:23 of 2nd period - Wrist shot by Phil Oreskovic.
5:23 of 2nd period - Deflect By Matt Cullen.
5:23 of 2nd period - Stopped by Karri Ramo with a rebound.
5:25 of 2nd period - Snap shot by Andy Miele.
5:25 of 2nd period - Shot Misses the Net.
5:27 of 2nd period - Snap shot by Blake Geoffrion.
5:27 of 2nd period - Stopped by Karri Ramo with a rebound.
5:29 of 2nd period - Slapshot by Matt Cullen.
5:29 of 2nd period - Stopped by Karri Ramo with a rebound.
5:51 of 2nd period - Backhand shot by Mikael Backlund.
5:51 of 2nd period - Stopped by Karri Ramo with a rebound.
6:03 of 2nd period - Slapshot by Viktor Stalberg.
6:03 of 2nd period - Shot Misses the Net.
6:08 of 2nd period - Off-side.
6:09 of 2nd period - Alyn McCauley wins face-off versus Matt Cullen in neutral zone.
6:23 of 2nd period - Marc-André Bergeron is hit by Matt Cullen and loses puck.
6:34 of 2nd period - Marc-André Bergeron is hit by Tim Conboy and loses puck.
6:59 of 2nd period - Mike Grier is hit by Keith Aulie and loses puck.
7:10 of 2nd period - Chris Butler is hit by Viktor Stalberg and loses puck.
7:29 of 2nd period - Snap shot by Jimmie Olvestad.
7:29 of 2nd period - Shot Hit the Post.
7:31 of 2nd period - Wrist shot by John Mitchell.
7:31 of 2nd period - Stopped by Steve Mason without a rebound.
7:32 of 2nd period - Mikael Backlund wins face-off versus John Mitchell in Carnivores zone.
7:39 of 2nd period - Snap shot by John Mitchell.
7:39 of 2nd period - Stopped by Steve Mason without a rebound.
7:40 of 2nd period - Mikael Backlund wins face-off versus John Mitchell in Carnivores zone.
8:25 of 2nd period - Snap shot by Chris Conner.
8:25 of 2nd period - Shot Hit the Post.
8:27 of 2nd period - Snap shot by Mark Fraser.
8:27 of 2nd period - Stopped by Steve Mason without a rebound.
8:28 of 2nd period - Brandon McMillan wins face-off versus Billy Sweat in Carnivores zone.
8:31 of 2nd period - Wrist shot by Tanner Glass.
8:31 of 2nd period - Shot Blocked by Jordie Benn.
8:33 of 2nd period - Wrist shot by Mike Blunden.
8:33 of 2nd period - Goal by Mike Blunden - Punishers : 1 - Carnivores : 2.
8:34 of 2nd period - Matt Cullen wins face-off versus Alyn McCauley in neutral zone.
8:43 of 2nd period - Snap shot by Mike Grier.
8:43 of 2nd period - Shot Misses the Net.
8:45 of 2nd period - Wrist shot by Viktor Stalberg.
8:45 of 2nd period - Shot Misses the Net.
8:47 of 2nd period - Slapshot by Jason Demers.
8:47 of 2nd period - Shot Blocked by Blake Geoffrion.
8:49 of 2nd period - Snap shot by Alyn McCauley.
8:49 of 2nd period - Shot Misses the Net.
9:04 of 2nd period - Snap shot by Jeff Tambellini.
9:04 of 2nd period - Stopped by Karri Ramo with a rebound.
9:33 of 2nd period - Snap shot by Tim Conboy.
9:33 of 2nd period - Shot Misses the Net.
10:53 of 2nd period - Slapshot by Alyn McCauley.
10:53 of 2nd period - Shot Misses the Net.
11:11 of 2nd period - Slapshot by Matt Cullen.
11:11 of 2nd period - Shot Misses the Net.
11:52 of 2nd period - Snap shot by Mike Blunden.
11:52 of 2nd period - Shot Blocked by Chris Lawrence.
11:58 of 2nd period - Wrist shot by Mike Blunden.
11:58 of 2nd period - Stopped by Steve Mason with a rebound.
12:00 of 2nd period - Snap shot by Mike Weber.
12:00 of 2nd period - Deflect By Tanner Glass.
12:00 of 2nd period - Shot Misses the Net.
12:00 of 2nd period - Puck is out of play.
12:01 of 2nd period - Viktor Stalberg wins face-off versus Matt Cullen in Carnivores zone.
12:03 of 2nd period - Minor Penalty to Matt Cullen for Close Hand On Puck.
12:04 of 2nd period - Alyn McCauley wins face-off versus Jeff Tambellini in Carnivores zone.
13:27 of 2nd period - Jason Demers is hit by Blake Geoffrion.
14:03 of 2nd period - Penalty to Matt Cullen is over, Matt Cullen is back on ice.
14:15 of 2nd period - Backhand shot by Matt Cullen.
14:15 of 2nd period - Shot Blocked by Marc-André Bergeron.
14:17 of 2nd period - Slapshot by Jordie Benn.
14:17 of 2nd period - Stopped by Karri Ramo with a rebound.
14:23 of 2nd period - Wrist shot by David Van Der Gulik.
14:23 of 2nd period - Shot Misses the Net.
14:25 of 2nd period - Slapshot by Jordie Benn.
14:25 of 2nd period - Stopped by Karri Ramo without a rebound.
14:26 of 2nd period - Anton Gustafsson wins face-off versus Petteri Nokelainen in Punishers zone.
14:27 of 2nd period - Snap shot by Chris Lawrence.
14:27 of 2nd period - Stopped by Karri Ramo without a rebound.
14:28 of 2nd period - Petteri Nokelainen wins face-off versus Anton Gustafsson in Punishers zone.
14:43 of 2nd period - Wrist shot by Jeremy Welsh.
14:43 of 2nd period - Stopped by Karri Ramo with a rebound.
14:53 of 2nd period - Justin Falk is hit by David Van Der Gulik and loses puck.
15:10 of 2nd period - Snap shot by Chris Conner.
15:10 of 2nd period - Shot Misses the Net.
15:16 of 2nd period - Slapshot by Chris Conner.
15:16 of 2nd period - Stopped by Steve Mason without a rebound.
15:17 of 2nd period - Matt Cullen wins face-off versus Mike Grier in Carnivores zone.
15:53 of 2nd period - Snap shot by Jimmie Olvestad.
15:53 of 2nd period - Shot Misses the Net.
16:09 of 2nd period - Slapshot by Tanner Glass.
16:09 of 2nd period - Goal by Tanner Glass - Punishers : 2 - Carnivores : 2.
16:10 of 2nd period - Matt Cullen wins face-off versus Alyn McCauley in neutral zone.
16:44 of 2nd period - Slapshot by Viktor Stalberg.
16:44 of 2nd period - Shot Blocked by Keith Aulie.
16:54 of 2nd period - Phil Oreskovic is hit by Jean-Luc Grand-Pierre.
16:58 of 2nd period - Viktor Stalberg is hit by Billy Sweat and loses puck.
17:07 of 2nd period - Snap shot by Tim Conboy.
17:07 of 2nd period - Stopped by Karri Ramo without a rebound.
17:08 of 2nd period - John Mitchell wins face-off versus Matt Cullen in Punishers zone.
17:13 of 2nd period - Snap shot by Andy Miele.
17:13 of 2nd period - Stopped by Karri Ramo without a rebound.
17:14 of 2nd period - John Mitchell wins face-off versus Matt Cullen in Punishers zone.
18:01 of 2nd period - Slapshot by Jason Demers.
18:01 of 2nd period - Stopped by Steve Mason without a rebound.
18:02 of 2nd period - Evgeny Grachev wins face-off versus Brandon McMillan in Carnivores zone.
18:02 of 2nd period - Evgeny Grachev is hit by Mike Blunden.
18:24 of 2nd period - Jean-Luc Grand-Pierre is hit by Evgeny Grachev and loses puck.
18:35 of 2nd period - Slapshot by Tim Conboy.
18:35 of 2nd period - Stopped by Karri Ramo with a rebound.
18:37 of 2nd period - Slapshot by Keith Aulie.
18:37 of 2nd period - Stopped by Karri Ramo with a rebound.
18:39 of 2nd period - Wrist shot by Billy Sweat.
18:39 of 2nd period - Shot Misses the Net.
18:41 of 2nd period - Snap shot by Tim Conboy.
18:41 of 2nd period - Stopped by Karri Ramo without a rebound.
18:42 of 2nd period - Matt Cullen wins face-off versus Alyn McCauley in Punishers zone.
19:07 of 2nd period - Adam Pineault is hit by Jeff Tambellini and loses puck.
3rd period
0:01 of 3rd period - Matt Cullen wins face-off versus Alyn McCauley in neutral zone.
0:08 of 3rd period - Snap shot by Matt Cullen.
0:08 of 3rd period - Shot Blocked by Alyn McCauley.
0:16 of 3rd period - Slapshot by Matt Cullen.
0:16 of 3rd period - Stopped by Karri Ramo with a rebound.
0:31 of 3rd period - David Schlemko is hit by Adam Pineault and loses puck.
1:30 of 3rd period - Mark Fraser is hit by Andy Miele and loses puck.
1:47 of 3rd period - Keith Aulie is hit by Viktor Stalberg.
2:24 of 3rd period - Phil Oreskovic is hit by Kris Chucko and loses puck.
2:33 of 3rd period - Wrist shot by Anton Gustafsson.
2:33 of 3rd period - Goal by Anton Gustafsson - Punishers : 2 - Carnivores : 3.
2:34 of 3rd period - Alyn McCauley wins face-off versus Matt Cullen in neutral zone.
2:41 of 3rd period - Slapshot by Tom Gilbert.
2:41 of 3rd period - Stopped by Steve Mason with a rebound.
2:59 of 3rd period - Mike Grier is hit by Evgeny Grachev and loses puck.
3:24 of 3rd period - Mikael Backlund is hit by Jimmie Olvestad and loses puck.
3:51 of 3rd period - Minor Penalty to Andy Miele for Roughing.
3:52 of 3rd period - John Mitchell wins face-off versus Jeff Tambellini in Carnivores zone.
4:23 of 3rd period - Snap shot by Mike Grier.
4:23 of 3rd period - Stopped by Steve Mason with a rebound.
4:25 of 3rd period - Wrist shot by Jean-Luc Grand-Pierre.
4:25 of 3rd period - Deflect By Viktor Stalberg.
4:25 of 3rd period - Stopped by Steve Mason without a rebound.
4:26 of 3rd period - Alyn McCauley wins face-off versus Jeff Tambellini in Carnivores zone.
4:57 of 3rd period - Snap shot by Jimmie Olvestad.
4:57 of 3rd period - Shot Misses the Net.
4:59 of 3rd period - Snap shot by Marc-André Bergeron.
4:59 of 3rd period - Shot Misses the Net.
5:01 of 3rd period - Snap shot by Jimmie Olvestad.
5:01 of 3rd period - Stopped by Steve Mason with a rebound.
5:51 of 3rd period - Penalty to Andy Miele is over, Andy Miele is back on ice.
6:06 of 3rd period - Wrist shot by Tanner Glass.
6:06 of 3rd period - Stopped by Steve Mason with a rebound.
7:23 of 3rd period - Kris Chucko is hit by Mikael Backlund and loses puck.
7:44 of 3rd period - Bobby Sanguinetti is hit by Alyn McCauley and loses puck.
7:49 of 3rd period - Snap shot by Viktor Stalberg.
7:49 of 3rd period - Deflect By Alyn McCauley.
7:49 of 3rd period - Shot Misses the Net.
7:49 of 3rd period - Puck is out of play.
7:50 of 3rd period - Matt Cullen wins face-off versus Alyn McCauley in Carnivores zone.
7:50 of 3rd period - Matt Cullen is hit by Viktor Stalberg.
8:31 of 3rd period - Wrist shot by Jimmie Olvestad.
8:31 of 3rd period - Shot Misses the Net.
8:33 of 3rd period - Wrist shot by Brandon McMillan.
8:33 of 3rd period - Stopped by Steve Mason with a rebound.
8:35 of 3rd period - Slapshot by Marc-André Bergeron.
8:35 of 3rd period - Shot Misses the Net.
8:37 of 3rd period - Wrist shot by Tanner Glass.
8:37 of 3rd period - Goal by Tanner Glass - Punishers : 3 - Carnivores : 3.
8:38 of 3rd period - Alyn McCauley wins face-off versus Mikael Backlund in neutral zone.
8:51 of 3rd period - Keith Aulie is hit by Mike Grier and loses puck.
9:31 of 3rd period - Wrist shot by Jeremy Welsh.
9:31 of 3rd period - Stopped by Karri Ramo without a rebound.
9:32 of 3rd period - Matt Cullen wins face-off versus Alyn McCauley in Punishers zone.
9:57 of 3rd period - David Van Der Gulik is hit by Chris Conner and loses puck.
10:04 of 3rd period - Snap shot by Petteri Nokelainen.
10:04 of 3rd period - Stopped by Steve Mason with a rebound.
10:24 of 3rd period - Billy Sweat is hit by Tanner Glass and loses puck.
10:36 of 3rd period - Icing by Phil Oreskovic.
10:37 of 3rd period - John Mitchell wins face-off versus Matt Cullen in Carnivores zone.
10:38 of 3rd period - Backhand shot by Jimmie Olvestad.
10:38 of 3rd period - Stopped by Steve Mason with a rebound.
11:09 of 3rd period - Snap shot by Viktor Stalberg.
11:09 of 3rd period - Stopped by Steve Mason with a rebound.
11:21 of 3rd period - Kris Chucko is hit by Bobby Sanguinetti and loses puck.
12:04 of 3rd period - Snap shot by Jimmie Olvestad.
12:04 of 3rd period - Stopped by Steve Mason with a rebound.
12:11 of 3rd period - Minor Penalty to Jordie Benn for Hooking.
12:12 of 3rd period - Jeff Tambellini wins face-off versus Alyn McCauley in Carnivores zone.
12:21 of 3rd period - Phil Oreskovic is hit by Viktor Stalberg and loses puck.
12:40 of 3rd period - Snap shot by Chris Conner.
12:40 of 3rd period - Shot Misses the Net.
12:42 of 3rd period - Slapshot by Marc-André Bergeron.
12:42 of 3rd period - Stopped by Steve Mason without a rebound.
12:43 of 3rd period - John Mitchell wins face-off versus David Van Der Gulik in Carnivores zone.
12:47 of 3rd period - Minor Penalty to Bobby Sanguinetti for Roughing.
12:48 of 3rd period - Jeff Tambellini wins face-off versus Alyn McCauley in Carnivores zone.
12:53 of 3rd period - Wrist shot by Viktor Stalberg.
12:53 of 3rd period - Stopped by Steve Mason with a rebound.
14:11 of 3rd period - Penalty to Jordie Benn is over, Jordie Benn is back on ice.
14:47 of 3rd period - Penalty to Bobby Sanguinetti is over, Bobby Sanguinetti is back on ice.
14:58 of 3rd period - Slapshot by Jordie Benn.
14:58 of 3rd period - Shot Blocked by Tanner Glass.
15:30 of 3rd period - Wrist shot by Andy Miele.
15:30 of 3rd period - Stopped by Karri Ramo without a rebound.
15:31 of 3rd period - Matt Cullen wins face-off versus Petteri Nokelainen in Punishers zone.
16:12 of 3rd period - Icing by Mike Weber.
16:13 of 3rd period - Brandon McMillan wins face-off versus Mikael Backlund in Punishers zone.
16:13 of 3rd period - Brandon McMillan is hit by Keith Aulie.
16:21 of 3rd period - Snap shot by Mike Blunden.
16:21 of 3rd period - Deflect By Jeff Tambellini.
16:21 of 3rd period - Shot Misses the Net.
16:21 of 3rd period - Puck is out of play.
16:22 of 3rd period - Petteri Nokelainen wins face-off versus Matt Cullen in Carnivores zone.
16:23 of 3rd period - Slapshot by Tom Gilbert.
16:23 of 3rd period - Stopped by Steve Mason without a rebound.
16:24 of 3rd period - Matt Cullen wins face-off versus Petteri Nokelainen in Carnivores zone.
16:49 of 3rd period - Evgeny Grachev is hit by Tom Gilbert and loses puck.
16:59 of 3rd period - Minor Penalty to Viktor Stalberg for Holding.
17:00 of 3rd period - Petteri Nokelainen wins face-off versus Evgeny Grachev in Punishers zone.
17:08 of 3rd period - Minor Penalty to Evgeny Grachev for Holding.
17:09 of 3rd period - Adam Pineault wins face-off versus Jeff Tambellini in Carnivores zone.
17:58 of 3rd period - Snap shot by Andy Miele.
17:58 of 3rd period - Shot Misses the Net.
18:00 of 3rd period - Snap shot by Andy Miele.
18:00 of 3rd period - Stopped by Karri Ramo with a rebound.
18:02 of 3rd period - Wrist shot by David Van Der Gulik.
18:02 of 3rd period - Goal by David Van Der Gulik - Punishers : 3 - Carnivores : 4.
18:03 of 3rd period - Jeff Tambellini wins face-off versus Adam Pineault in neutral zone.
18:15 of 3rd period - Slapshot by Tom Gilbert.
18:15 of 3rd period - Shot Misses the Net.
18:49 of 3rd period - Wrist shot by Petteri Nokelainen.
18:49 of 3rd period - Shot Misses the Net.
18:59 of 3rd period - Penalty to Viktor Stalberg is over, Viktor Stalberg is back on ice.
19:05 of 3rd period - Punishers, Karri Ramo is pulled from the net.
19:08 of 3rd period - Penalty to Evgeny Grachev is over, Evgeny Grachev is back on ice.
19:13 of 3rd period - Slapshot by Jimmie Olvestad.
19:13 of 3rd period - Stopped by Steve Mason with a rebound.
19:17 of 3rd period - Wrist shot by Jimmie Olvestad.
19:17 of 3rd period - Shot Misses the Net.
19:35 of 3rd period - Snap shot by Alyn McCauley.
19:35 of 3rd period - Stopped by Steve Mason with a rebound.
19:37 of 3rd period - Slapshot by Viktor Stalberg.
19:37 of 3rd period - Stopped by Steve Mason without a rebound.
19:38 of 3rd period - John Anderson call a timeout for Punishers.
19:38 of 3rd period - Alyn McCauley wins face-off versus Evgeny Grachev in Carnivores zone.
19:44 of 3rd period - Major Penalty to Evgeny Grachev for Boarding.
19:45 of 3rd period - Alyn McCauley wins face-off versus Jeff Tambellini in Carnivores zone.
19:46 of 3rd period - Snap shot by Viktor Stalberg.
19:46 of 3rd period - Stopped by Steve Mason with a rebound.
19:48 of 3rd period - Snap shot by Alyn McCauley.
19:48 of 3rd period - Shot Misses the Net.
Output by the SimonT Hockey Simulator (STHS) for François Prévost -- Original Page W3C XHTML 1.0 Valid